 Dungeon Crawl Stone Soup version 0.28-a0-1613-gdaab1c2f9b (webtiles) character file.

Game seed: 5030901115205749153

113 parzival7114810 the Chopper (level 4, -1/41 HPs)
             Began as a Hill Orc Fighter on Jan 20, 2022.
             Was an Initiate of Beogh.
             Slain by an iguana (6 damage)
             ... on level 3 of the Dungeon on Jan 21, 2022.
             The game lasted 00:05:32 (3059 turns).

parzival7114810 the Chopper (Hill Orc Fighter)      Turns: 3059, Time: 00:05:32

Health: -1/41      AC:  7    Str: 26    XL:     4   Next: 96%
Magic:  4/4        EV: 14    Int:  8    God:    Beogh [......]
Gold:   96         SH:  0    Dex: 10    Spells: 3/3 levels left

rFire   . . .      SeeInvis .   e - +2 executioner's axe (vorpal)
rCold   . . .      Faith    .   (shield currently unavailable)
rNeg    . . .      Spirit   .   b - +0 scale mail
rPois   .          Reflect  .   (no helmet)
rElec   .          Harm     .   j - scarf {repulsion}
rCorr   .          Rampage  .   (no gloves)
Will    .....                   (no boots)
Stlth   ..........              (no amulet)
HPRegen 0.13/turn               o - +4 ring of evasion
MPRegen 0.09/turn               k - +6 ring of strength

@: repel missiles
A: no striking features
a: Renounce Religion


You were on level 3 of the Dungeon.
You worshipped Beogh.
Beogh was noncommittal.
You visited 1 branch of the dungeon, and saw 3 of its levels.

You collected 96 gold pieces.

Inventory:

Hand Weapons
 a - a +1 war axe
 e - a +2 vorpal executioner's axe (weapon)
Armour
 b - a +0 scale mail (worn)
 c - a +0 buckler
 j - a scarf of repulsion (worn)
Jewellery
 i - a ring of magical power
 k - a +6 ring of strength (right hand)
 o - a +4 ring of evasion (left hand)
Wands
 n - a wand of flame (8)
Scrolls
 f - a scroll of teleportation
 g - a scroll of brand weapon {unknown}
 h - 2 scrolls of identify
 l - a scroll of immolation
 m - a scroll of amnesia {unknown}
Potions
 d - 2 potions of might


   Skills:
 + Level 4.4 Fighting
 + Level 4.9 Axes
 + Level 3.9 Armour
 + Level 0.5 Dodging
 + Level 3.3 Shields


You had 3 spell levels left.
You didn't know any spells.
Your spell library contained the following spells:

 Spells                   Type           Power      Damage    Failure   Level
 Freeze                   Ice            0%         1d3       67%         1
 Frozen Ramparts          Ice            0%         1d2       96%         3
 Hailstorm                Conj/Ice       0%         3d3       100%        4


Dungeon Overview and Level Annotations

Branches:
Dungeon (3/15)

Altars:


Message History

o - a +4 ring of evasion An orc and an orc priest come into view.
The orc is wielding a +0 mace and wearing a +2 leather armour of willpower.
The orc shouts!
The orc priest shouts, "Surrender to Beogh and we'll let you live!" (press Y on the ability menu to convert to Beogh)
The orc priest shouts!
You hear a shout!
You bow before the missionary of Beogh.
Beogh welcomes you!
With a roar of approval, the orcs welcome you as one of their own, and spare your life.
The orc priest hits something with a +0 flail!
You're wearing all the rings you can.
Remove which one? (? for menu, Esc to cancel) < or
i - a ring of magical power; > or
k - a +6 ring of strength You remove your ring of magical power.
You feel your magic capacity decrease.
o - a +4 ring of evasion (left hand)
An orc priest comes into view.
It is wielding a +2 flail of protection.
The orc priest shouts!
The orc priest looks satisfied for a moment.
An iguana comes into view.
The iguana hisses angrily.
The orc priest calls down the wrath of Beogh upon you.
Beogh smites you!
The orc priest looks satisfied for a moment.
The orc priest misses you.
You barely miss the orc priest. The orc priest barely misses you.
The orc priest invokes the aid of Beogh against you.
Beogh smites you!
You slice the orc priest!!
You kill the orc priest!
Beogh accepts your kill.
Beogh appreciates your killing of a heretic priest.
You barely miss the iguana. The iguana misses you. The iguana bites you!
* * * LOW HITPOINT WARNING * * *
Things that are here:
a +2 flail of protection; an orc corpse You slash the iguana!
The iguana is heavily wounded.
The iguana bites you.
You die...

..# #. #. #.# #. #. #.#
#. #. #.# #. ##.# #.# #.
#...## #.# #.
####....###########.###.
..................#.....
.######@#########.#..##.
#l# #.#..##. #.#
#.#..... #.# #.##.##.
#.#########.#.#.##
#..........#.###..
#.#########.#.#.## #..
#.##.## #.#. #.##.#


You could see an iguana.

Vanquished Creatures
  An orc priest (D:3)
  3 adders
  A white imp (D:3)
  An adder skeleton (D:2)
  2 worms (D:2)
  A dart slug (D:3)
  3 bats
  4 endoplasms
  5 giant cockroaches
  5 goblins
  A hobgoblin (D:1)
  4 kobolds
  A quokka (D:1)
  2 ball pythons
  A frilled lizard (D:2)
  4 rats
39 creatures vanquished.

Vanquished Creatures (others)
  An orc (D:3)
  A frilled lizard (D:3)
  3 plants (D:1)
5 creatures vanquished.

Grand Total: 44 creatures vanquished

Notes
Turn   | Place    | Note
-------+----------+-------------------------------------------
     0 | D:1      | parzival7114810 the Hill Orc Fighter began the quest for
                  | the Orb.
     0 | D:1      | Reached XP level 1. HP: 19/19 MP: 1/1
    34 | D:1      | Found a faded altar of an unknown god.
   503 | D:1      | Reached XP level 2. HP: 27/27 MP: 2/2
   666 | D:1      | Upgraded the game from 0.28-a0-1594-ga885d4b3d6 to
                  | 0.28-a0-1613-gdaab1c2f9b
   730 | D:2      | Reached XP level 3. HP: 33/33 MP: 3/3
   780 | D:2      | Identified a scroll of acquirement
   780 | D:2      | Acquired a +2 vorpal executioner's axe
  1971 | D:2      | Reached XP level 4. HP: 31/40 MP: 4/4
  3024 | D:3      | Became a worshipper of Beogh the Brigand
  3059 | D:3      | Slain by an iguana

Illustrated notes

Levels and vault maps discovered:
D:1:      roderic_crop_circles_arrival_small, layout_rooms,
          shapermc_ecumenical_altar_acropolis
D:2:      layout_basic, minmay_three_crescents
D:3:      layout_loops_ring, ashenzari_conservatory_becter,
          hangedman_glass_teeth, dk_noncrumbling_2

Skill      XL: |  1  2  3 |
---------------+----------+-----
Axes           | 3 4 |  4.9
Fighting       | 4 |  4.4
Armour         | |  3.9
Dodging        | |  0.5
Shields        | |  3.3

Action                   |  1- 3 |  4- 6 || total
-------------------------+-------+-------++-------
Melee: War axe           |    43 |       ||    43
       Executioner's axe |    20 |    19 ||    39
Invok: Convert to Beogh  |       |     1 ||     1
  Use: Scroll            |     5 |       ||     5
       Potion            |       |     2 ||     2
Armor: Scale mail        |    40 |    12 ||    52
Dodge: Dodged            |    53 |    15 ||    68
       Repelled          |       |     2 ||     2
Block: Buckler           |    14 |       ||    14

Table legend: (Time is in decaauts)
 A = Elapsed time spent in this place.
 B = Non-inter-level travel time spent in this place.
 C = Inter-level travel time spent in this place.
 D = Time resting spent in this place.
 E = Time spent auto-exploring this place.
 F = Levels seen in this place.
 G = Mean time per level.
                   A        B        C        D        E       F      G
               +--------+--------+--------+--------+--------+-----+--------+
         Total |   3099 |   2916 |    183 |    897 |   1547 |   3 | 1033.0 |
       Dungeon |   3099 |   2916 |    183 |    897 |   1547 |   3 | 1033.0 |
               +--------+--------+--------+--------+--------+-----+--------+

Top non-repeatable levels by time:
     D:2: 1569 daAuts
     D:3: 845 daAuts
     D:1: 684 daAuts
